Map: Dusk Towers

Players

Miszu - Winner!

  • Race: Terran Terran
  • League: Master

Kamahlen

  • Race: Terran Terran
  • League: Master

VOD

Have the link to the VOD?

Description

Time

  • Played on: April 13, 2016, 2:22 p.m.
  • Length: 10:20
Show
View Real Time Build Order
Export as new Build Order

Miszu Terran - Winner!

Build Orders: 1/1/1, MMM Bio, Banshee Rush 

Get SALT Encoding   

  12  0:00  SCV  
  13  0:13  SCV  
  14  0:18  Supply Depot  
  14  0:25  SCV  
  15  0:31  Refinery  
  15  0:39  SCV  
  16  0:44  Barracks  
  16  0:52  SCV  
  17  1:04  SCV  
  18  1:16  SCV  
  19  1:31  Marine  
  21  1:34  Factory, Orbital Command  
  21  1:38  Supply Depot  
  20  1:49  Marine  
  21  1:59  SCV  
  22  2:07  Marine  
  23  2:15  SCV  
  23  2:18  Hellion  
  23  2:19  Starport  
  23  2:22  Refinery  
  25  2:24  Supply Depot  
  25  2:25  Marine  
  25  2:27  SCV  
  27  2:39  Hellion, SCV  
  27  2:43  Marine  
  31  2:51  SCV  
  31  2:52  Supply Depot  
  31  2:55  Medivac  
  34  3:00  Marine  
  34  3:03  Hellion, SCV  
  38  3:16  SCV  
  38  3:19  Barracks Reactor  
  39  3:24  Factory Tech Lab  
  39  3:25  Starport Tech Lab  
  39  3:28  SCV  
  40  3:35  Command Center  
  40  3:40  SCV  
  41  3:43  Cloaking Field  
  41  3:50  Banshee  
  41  3:54  SCV  
  45  4:06  SCV  
  46  4:18  SCV  
  46  4:21  Command Center  
  47  4:37  Supply Depot  
  47  4:46  Banshee  
  47  4:47  SCV, Orbital Command  
  51  4:54  Siege Tank  
  51  4:59  SCV  
  55  5:05  Marine x2  
  57  5:11  SCV  
  57  5:13  SCV  
  59  5:23  SCV  
  59  5:25  SCV  
  61  5:35  Marine x2, SCV  
  59  5:36  Siege Tank, Orbital Command  
  59  5:38  SCV  
  62  5:47  Barracks, SCV  
  63  5:50  Refinery, Barracks, SCV  
  63  5:53  Marine  
  63  5:54  Starport Reactor  
  63  5:56  Marine  
  66  5:57  Refinery  
  66  5:59  SCV  
  67  6:06  Orbital Command  
  67  6:07  SCV  
  67  6:08  Siege Tank  
  67  6:10  Marine  
  72  6:11  SCV  
  72  6:14  Marine  
  72  6:18  Engineering Bay x2  
  74  6:19  SCV  
  75  6:28  Marine  
  75  6:32  Marine  
  77  6:37  Marine  
  75  6:41  Marine  
  75  6:45  Stimpack  
  76  6:47  Terran Infantry Weapons Level 1, Terran Infantry Armor Level 1  
  76  6:48  SCV x3  
  76  6:51  Marine  
  80  6:55  Marine, Barracks x2  
  80  7:00  Barracks Tech Lab, Marauder, SCV x2  
  85  7:05  Barracks x2  
  85  7:08  Barracks  
  85  7:20  Supply Depot  
  85  7:21  Supply Depot  
  85  7:25  Medivac  
  85  7:26  SCV x3  
  90  7:31  Supply Depot  
  90  7:33  Marine x2  
  90  7:35  Marauder  
  94  7:38  SCV x3  
  94  7:39  Medivac  
  99  7:50  Barracks Reactor, Barracks Tech Lab  
  95  7:52  SCV  
  95  7:53  SCV x2  
  95  7:54  Barracks Reactor, Barracks Tech Lab  
  95  7:55  Barracks Tech Lab, Medivac  
  100  7:59  Supply Depot  
  100  8:00  Supply Depot  
  100  8:01  Supply Depot, Marauder  
  100  8:02  Marauder  
  100  8:04  SCV  
  105  8:07  Combat Shields  
  105  8:10  Marine, Marauder  
  105  8:11  Marine  
  109  8:15  SCV x2  
  109  8:17  SCV  
  111  8:22  Marine  
  111  8:23  Marine  
  101  8:34  Marine x7, Marauder  
  98  8:41  Marauder  
  98  8:42  Marauder  
  98  8:48  Medivac x2  
  105  8:52  Marine x7  
  105  8:55  Marauder  
  101  9:03  Marine, Marauder  
  101  9:09  Marine  
  102  9:10  Marine x5  
  102  9:11  Marauder  
  107  9:17  Marauder  
  107  9:18  Medivac, Siege Tank  
  107  9:21  Medivac, Marauder  
  118  9:24  Marauder  
  118  9:27  Marine, Armory  
  118  9:28  Marine x3  
  122  9:31  Marine x2  
  122  9:32  Marauder  
  122  9:36  Supply Depot  
  122  9:37  Supply Depot  
  122  9:38  Marine  
  127  9:42  Marine  
  127  9:45  Marine x2  
  129  9:46  Marine  
  129  9:48  Medivac  
  129  9:52  Marine x4  
  139  9:53  Marine  
  139  9:54  Command Center  
  139  9:55  Marine  
  141  10:00  Marine  
Show
View Real Time Build Order
Export as new Build Order

Kamahlen Terran 

Build Orders: Hellion Opening, Reaper Expand, Mech 

Get SALT Encoding   

  12  0:01  SCV  
  13  0:13  SCV  
  14  0:17  Supply Depot  
  14  0:25  SCV  
  15  0:39  SCV  
  15  0:40  Barracks  
  16  0:44  Refinery  
  16  0:51  SCV  
  17  1:03  SCV  
  18  1:15  SCV  
  19  1:28  Orbital Command  
  19  1:29  Reaper  
  20  1:43  Command Center  
  20  1:53  Supply Depot  
  20  1:55  SCV  
  20  2:01  Marine  
  22  2:07  SCV  
  23  2:13  Factory  
  23  2:19  SCV  
  24  2:23  Barracks Reactor  
  24  2:25  Bunker  
  24  2:31  SCV  
  25  2:43  SCV  
  26  2:47  Refinery  
  26  2:55  SCV  
  27  3:00  Starport  
  27  3:04  Hellion  
  27  3:05  Hellion, Orbital Command  
  31  3:07  SCV  
  32  3:14  Supply Depot  
  32  3:16  Barracks Tech Lab  
  32  3:19  SCV  
  33  3:27  Hellion  
  33  3:30  Supply Depot  
  33  3:32  Hellion  
  38  3:34  SCV  
  38  3:36  SCV  
  39  3:44  Viking  
  39  3:46  SCV  
  42  3:49  Hellion  
  42  3:50  SCV  
  47  3:55  Hellion  
  47  4:02  SCV x2  
  49  4:12  Supply Depot  
  51  4:17  Raven  
  51  4:18  SCV x2  
  51  4:20  Hellion x2  
  57  4:30  SCV  
  57  4:31  SCV  
  59  4:37  Command Center  
  59  4:42  Factory  
  59  4:44  Hellion  
  59  4:45  Hellion  
  63  4:46  SCV x2  
  65  4:55  Supply Depot  
  65  4:57  Refinery  
  65  4:58  SCV  
  65  4:59  SCV  
  67  5:01  Refinery  
  67  5:10  SCV  
  67  5:12  Factory  
  67  5:13  SCV  
  68  5:14  Starport Reactor  
  66  5:25  SCV x2  
  60  5:37  SCV  
  60  5:40  SCV  
  60  5:42  Factory Tech Lab  
  62  5:47  Engineering Bay  
  62  5:49  SCV  
  63  5:51  Viking  
  63  5:54  SCV  
  66  6:00  Orbital Command  
  66  6:01  SCV  
  67  6:09  SCV  
  71  6:11  Siege Tank  
  71  6:13  Siege Tank, SCV  
  75  6:19  Missile Turret  
  75  6:22  Missile Turret  
  75  6:23  SCV  
  70  6:36  SCV  
  70  6:37  SCV  
  70  6:39  SCV  
  70  6:48  SCV  
  70  6:49  SCV  
  70  6:51  SCV  
  70  6:53  Siege Tank  
  76  7:01  SCV x2  
  78  7:03  SCV  
  78  7:05  Siege Tank  
  82  7:10  Viking  
  82  7:13  SCV x2  
  87  7:20  Orbital Command  
  86  7:25  SCV  
  86  7:26  Hellion x2  
  91  7:32  Supply Depot  
  91  7:34  Supply Depot  
  91  7:35  Supply Depot  
  91  7:38  Viking  
  93  7:46  SCV x2  
  93  7:49  SCV  
  92  7:54  Siege Tank  
  92  7:58  SCV x2  
  97  7:59  Armory  
  97  8:01  Armory  
  97  8:02  Siege Tank, SCV  
  97  8:04  Hellion  
  103  8:08  Hellion  
  103  8:10  SCV  
  106  8:15  SCV x2  
  108  8:22  SCV  
  88  8:43  SCV x2  
  88  8:46  Siege Tank  
  93  8:50  Siege Tank  
  93  8:51  Hellion x2  
  95  9:01  SCV x2  
  90  9:06  Viking x2  
  90  9:08  Factory  
  90  9:09  Factory  
  94  9:10  Factory  
  83  9:20  Siege Tank  
  83  9:21  Hellion x2  
  83  9:24  SCV x2  
  92  9:27  Refinery, SCV  
  92  9:28  Refinery  
  92  9:31  Missile Turret  
  93  9:32  Missile Turret  
  93  9:35  Siege Tank  
  93  9:36  Missile Turret  
  96  9:38  Missile Turret  
  96  9:42  Hellion  
  98  9:46  Hellion  
  100  9:54  Factory Tech Lab  
  100  9:55  Factory Tech Lab  
  100  9:56  Factory Reactor  
  103  10:04  Barracks  
Tags
 
Add a new tag
Caveats
  • Supply blocks, unpowered buildings, or Contaminate may cause inaccurate times.
  • Supply counts are checked every 10 seconds.